AoeStats
← PILLORA

Arena

510259287Analyzed
2v2 RM · 23h ago on Sep 30, 2026· 39m 23s· 4 players
Game mode
Random Map
Map size
Medium (4 player)
Population
200
Speed
Normal
Resources
Standard
Victory
Conquest
Starting age
Dark Age
Ending age
Imperial Age
RankedLock teamsTeams togetherTeam positionsShared explorationLock speedFull tech treeHidden civsTurbo modeCheats
Victory
Defeat
🇨🇳 Saracens · China
765
+16
🇺🇸 Britons · United States
717
+18
🇲🇽 Turks · Mexico
805
-18
🇲🇽 Romans · Mexico
740
-16
warbled
10:20 Feudal Age
14:45 Castle Age
13:04 Double-Bit Axe
13:40 Horse Collar
16:54 Loom
20:15 Bow Saw
22:01 Heavy Plow
22:44 Gold Mining
22:51 Stone Mining
24:19 Wheelbarrow
24:38 Fletching
24:49 Padded Archer Armor
26:37 Hand Cart
28:19 Bodkin Arrow
28:39 Leather Archer Armor
29:13 Gold Shaft Mining
31:48 Imperial Age
32:10 Yeomen
33:06 Conscription
32:07 Elite Longbowman
33:25 Hoardings
32:52 Warwolf
34:58 Two-Man Saw
34:00 Bracer
34:31 Ring Archer Armor
上班摸鱼
3:54 Loom
10:24 Feudal Age
12:02 Wheelbarrow
11:49 Horse Collar
12:46 Double-Bit Axe
18:49 Town Watch
22:24 Castle Age
20:48 Forging
20:59 Gold Mining
21:12 Stone Mining
21:46 Scale Barding Armor
21:36 Fletching
22:04 Bloodlines
23:38 Bow Saw
23:41 Heavy Plow
23:52 Husbandry
24:31 Town Watch
25:05 Hand Cart
25:57 Gold Shaft Mining
26:31 Husbandry
28:17 Iron Casting
28:38 Fletching
29:58 Chain Barding Armor
30:32 Bimaristan
30:44 Bimaristan
35:15 Imperial Age
33:27 Padded Archer Armor
32:54 Elite Skirmisher
34:39 Thumb Ring
34:43 Bodkin Arrow
35:34 Leather Archer Armor
40:06 Ballistics
PILLORA
4:59 Loom
12:51 Feudal Age
19:46 Castle Age
18:17 Double-Bit Axe
18:14 Horse Collar
20:54 Heavy Plow
22:19 Bow Saw
22:31 Pikeman
23:11 Squires
24:23 Wheelbarrow
23:37 Town Watch
27:16 Forging
27:06 Scale Mail Armor
33:04 Town Patrol
33:22 Hand Cart
37:46 Imperial Age
37:54 Imperial Age
38:13 Heavy Scorpion
Sorrowft
3:08 Loom
11:17 Feudal Age
16:24 Castle Age
15:29 Double-Bit Axe
15:26 Horse Collar
20:23 Wheelbarrow
22:07 Heavy Plow
22:21 Bow Saw
23:33 Town Watch
32:11 Imperial Age
30:03 Hand Cart
29:49 Town Patrol
32:13 Forging
34:57 Ballistics
35:53 Two-Man Saw
35:29 Fletching
35:39 Padded Archer Armor
Connection lost

Rejoining the realm…

Still unreachable

The connection could not be restored.

Session expired

The server has moved on; the page needs a fresh start.